 Dungeon Crawl Stone Soup version 0.30-a0-691-g754fce4c43 (webtiles) character file.

Game seed: 7532730264324245447

5119 BigDaddyOpFi the Thaumaturge (level 11, -5/70 HPs)
             Began as a Meteoran Earth Elementalist on Jan 19, 2023.
             Was a Believer of Sif Muna.
             Killed from afar by a smoke demon (28 damage)
             ... with a ball of steam
             ... summoned by a kobold demonologist
             ... on level 12 of the Dungeon.
             The game lasted 00:20:06 (5867 turns).

BigDaddyOpFi the Thaumaturge (MeEE)                 Turns: 5867, Time: 00:20:07

Health: -5/70      AC: 10    Str: 11    XL:     11   Next: 12%
Magic:  11/35      EV: 14    Int: 19    God:    Sif Muna [**....]
Gold:   498        SH:  0    Dex: 16    Spells: 21/30 levels left

rFire   . . .      SeeInvis .    k - +4 rapier (venom)
rCold   . . .      Faith    .    (no shield)
rNeg    . . .      Spirit   .    a - +2 robe
rPois   .          Reflect  .    u - +2 helmet
rElec   .          Harm     .    (no cloak)
rCorr   .          Rampage  .    (no gloves)
Will    +....                    s - +2 pair of boots
Stlth   +                        z - amulet of the acrobat
HPRegen 0.31/turn                d - ring of magical power
MPRegen 0.24/turn                x - ring of wizardry

@: slowed, glowing, very slow
A: sense surroundings 2, otherworldly, glowing, explore regen
a: Renounce Religion, Channel Magic


You were on level 12 of the Dungeon.
You worshipped Sif Muna.
Sif Muna was pleased with you.
You visited 2 branches of the dungeon, and saw 13 of its levels.

You collected 498 gold pieces.

Inventory:

Hand Weapons
 b - a +3 hand axe of flaming
 k - a +4 rapier of venom (weapon)
Missiles
 n - 5 throwing nets
Armour
 a - a +2 robe (worn)
 o - the +2 leather armour of the Flute {Dex+4}
   (You found it on level 3 of the Dungeon)

   Dex:       It affects your dexterity (+4).
 s - a +2 pair of boots (worn)
 u - a +2 helmet (worn)
Jewellery
 d - a ring of magical power (left hand)
 g - a ring of fire
 v - a ring of flight
 x - a ring of wizardry (right hand)
 z - an amulet of the acrobat (around neck)
Wands
 f - a wand of flame (9)
 w - a wand of iceblast (15)
 y - a wand of acid (5)
 B - a wand of polymorph (10)
Scrolls
 i - 2 scrolls of vulnerability
 l - 2 scrolls of amnesia
 m - 3 scrolls of teleportation
 t - 2 scrolls of magic mapping
 A - a scroll of identify
Potions
 c - a potion of brilliance
 e - 4 potions of heal wounds
 h - 2 potions of might
 j - 5 potions of curing
 p - a potion of berserk rage {unknown}
 q - a potion of invisibility {unknown}
 C - 3 potions of flight


   Skills:
 + Level 4.2 Fighting
 + Level 4.1 Short Blades
 + Level 5.5 Dodging
 - Level 1.5 Stealth
 + Level 10.0 Spellcasting
 - Level 8.6 Conjurations
 - Level 2.5 Transmutations
 + Level 2.5 Fire Magic
 - Level 9.7 Earth Magic


You had 21 spell levels left.
You knew the following spells:

 Your Spells              Type           Power      Damage    Failure   Level
a - Sandblast             Erth           92%        2d19      1%          1
b - Magic Dart            Conj           100%       1d8       1%          1
c - Stone Arrow           Conj/Erth      88%        3d12      1%          3
d - Flame Wave            Conj/Fire      30%        2d9       3%          4

Your spell library contained the following spells:

 Spells                   Type           Power      Damage    Failure   Level
 Passwall                 Tmut/Erth      26%        N/A       1%          2
 Mephitic Cloud           Conj/Pois/Air  20%        N/A       2%          3
 Petrify                  Tmut/Erth      32%        N/A       2%          4
 Sticky Flame             Conj/Fire      30%        2d5       3%          4
 Call Imp                 Summ           9%         N/A       4%          2
 Inner Flame              Hex/Fire       14%        N/A       5%          3


Dungeon Overview and Level Annotations

Branches:
Dungeon (12/15) Zot: 1601  Temple (1/1) D:7 Zot: 443     Orc (0/2) D:12
   Lair: D:8-11

Altars:
Ashenzari
Cheibriados
Dithmenos
Elyvilon
Fedhas
Gozag
Hepliaklqana
Kikubaaqudgha
Makhleb
Okawaru
Qazlal
Ru
Sif Muna
Uskayaw
Vehumet
Xom
Zin
The Shining One

Shops:
D:8 [

Annotations:
D:10 Psyche
D:11 Josephine


Innate Abilities, Weirdness & Mutations

You passively map the area around you.
You are easily found by Zot.
You glow in the dark.
You regain HP and MP as you explore.


Message History

The kobold brigand throws a curare-tipped dart.
The curare-tipped dart completely misses you.
Casting: Stone Arrow (safe; 1% risk of failure)
Confirm with . or Enter, or press ? or * to list all spells.
Aiming: Stone Arrow (safe; 1% risk of failure)
Press: ? - help, Shift-Dir - straight line, f/p - kobold demonologist
Aim: a kobold demonologist, wielding a +0 dagger and wearing a +0 robe (moderately wounded, 67% to hit)
The stone arrow hits the kobold demonologist!
The kobold demonologist is severely wounded.
You feel sick.
The kobold demonologist casts a spell.
The kobold brigand throws a curare-tipped dart.
The curare-tipped dart closely misses you.
The kobold demonologist casts a spell.
Casting: Stone Arrow (safe; 1% risk of failure)
Confirm with . or Enter, or press ? or * to list all spells.
Aiming: Stone Arrow (safe; 1% risk of failure)
Press: ? - help, Shift-Dir - straight line, f/p - kobold demonologist
Aim: a kobold demonologist, wielding a +0 dagger and wearing a +0 robe (severely wounded, 67% to hit)
The stone arrow misses the kobold demonologist.
The stone arrow hits the kobold demonologist!!
The kobold demonologist is heavily wounded.
You feel sick.
The kobold demonologist hits you with a +0 dagger.
The smoke demon gestures at you. The ball of steam hits you!!
The kobold demonologist hits you with a +0 dagger.
Casting: Stone Arrow (safe; 1% risk of failure)
Confirm with . or Enter, or press ? or * to list all spells.
Aiming: Stone Arrow (safe; 1% risk of failure)
Press: ? - help, Shift-Dir - straight line, f/p - kobold demonologist
Aim: a kobold demonologist, wielding a +0 dagger and wearing a +0 robe (severely wounded, 67% to hit)
The stone arrow hits the kobold demonologist!
The kobold demonologist is almost dead.
You are engulfed in a cloud of scalding steam.
You feel sick.
You are no longer poisoned.
The smoke demon gestures at you. The ball of steam hits you!!
You die...

* , *, ###.*
..# *** #:..
.. * ,, , #
.#.###..# * *
#) ....)..# *
#.#.#.55.#.#
,, .....KK..
#53KK# , #@#*
* , #.# , , ,
* #.# * * *
#.#
############.#
#............#
#.############
#.# ### #.#


You could see 2 kobold demonologists, a smoke demon (summoned), a kobold
brigand, an iron imp (summoned), a shadow imp (summoned), an ufetubus (summoned)
and a kobold.

Vanquished Creatures
  A two-headed ogre (D:8)
  Pikel (D:4)
  An unseen horror (D:12)
  A kobold demonologist (D:12)
  Grinder (D:5)
  3 yaks (D:9)
  A basilisk (D:12)
  A water moccasin (D:7)
  2 orc warriors
  An ice beast (D:7)
  3 black bears
  2 ogres
  3 sky beasts
  A lemure (D:4)
  3 kobold brigands
  3 bullfrogs
  3 necrophages
  A scorpion (D:5)
  3 wights (D:9)
  2 howler monkeys (D:8)
  A hound (D:4)
  A jelly (D:6)
  3 orc priests
  2 gnoll boudas (D:7)
  4 iguanas
  5 orc wizards
  14 gnolls (D:7)
  9 adders
  2 white imps (D:7)
  A worm (D:4)
  3 dart slugs
  24 orcs
  9 ball pythons
  6 bats
  3 endoplasms
  4 giant cockroaches
  6 goblins
  11 hobgoblins
  6 jackals
  3 quokkas
  3 frilled lizards (D:2)
  27 kobolds
  3 rats
187 creatures vanquished.

Notes
Turn   | Place    | Note
-------+----------+-------------------------------------------
     0 | D:1      | BigDaddyOpFi the Meteoran Earth Elementalist began the
                  | quest for the Orb.
     0 | D:1      | Reached XP level 1. HP: 14/14 MP: 5/5
   114 | D:1      | Reached XP level 2. HP: 20/20 MP: 6/6
   191 | D:1      | Reached skill level 3 in Spellcasting
   283 | D:1      | Reached XP level 3. HP: 26/26 MP: 8/8
   668 | D:2      | Reached XP level 4. HP: 33/33 MP: 10/10
  1014 | D:3      | Identified the +2 leather armour of the Flute {Dex+4}
  1326 | D:3      | Reached XP level 5. HP: 38/38 MP: 11/11
  1367 | D:3      | Reached skill level 4 in Spellcasting
  1572 | D:4      | Reached skill level 1 in Conjurations
  1603 | D:4      | Noticed a necrophage
  1608 | D:4      | Killed a necrophage
  1623 | D:4      | Reached skill level 5 in Earth Magic
  1623 | D:4      | Reached XP level 6. HP: 40/45 MP: 13/13
  1979 | D:4      | Reached skill level 5 in Spellcasting
  2104 | D:4      | Reached XP level 7. HP: 50/50 MP: 15/15
  2228 | D:4      | Glimpsed the power of Zot.
  2276 | D:4      | Glimpsed the power of Zot.
  2286 | D:5      | Entered Level 5 of the Dungeon
  2361 | D:5      | Learned a level 1 spell: Magic Dart
  2365 | D:5      | Learned a level 3 spell: Stone Arrow
  2462 | D:5      | Noticed Grinder
  2467 | D:5      | Killed Grinder
  2468 | D:5      | Reached skill level 6 in Spellcasting
  2468 | D:5      | Reached XP level 8. HP: 51/57 MP: 11/18
  2629 | D:5      | Reached skill level 5 in Conjurations
  2686 | D:5      | Noticed Pikel
  2791 | D:4      | Killed Pikel
  2792 | D:4      | Reached skill level 7 in Spellcasting
  2792 | D:4      | Gained mutation: You passively map the area around you.
                  | [Meteoran growth]
  2792 | D:4      | Reached XP level 9. HP: 27/62 MP: 19/21
  2819 | D:4      | Glimpsed the power of Zot.
  2869 | D:4      | Glimpsed the power of Zot.
  2909 | D:5      | Glimpsed the power of Zot.
  2919 | D:5      | Touched by the power of Zot.
  3018 | D:5      | Glimpsed the power of Zot.
  3351 | D:6      | Reached skill level 8 in Spellcasting
  3619 | D:6      | Glimpsed the power of Zot.
  3860 | D:7      | Learned a level 4 spell: Flame Wave
  3995 | D:7      | Found a stormy altar of Qazlal.
  4081 | D:7      | Reached skill level 1 in Fighting
  4081 | D:7      | Reached skill level 1 in Short Blades
  4086 | D:7      | Reached XP level 10. HP: 57/57 MP: 20/23
  4117 | D:7      | Found a staircase to the Ecumenical Temple.
  4136 | Temple   | Entered the Ecumenical Temple
  4252 | Temple   | Became a worshipper of Sif Muna the Loreminder
  4304 | D:7      | Reached skill level 9 in Spellcasting
  4368 | D:7      | Glimpsed the power of Zot.
  4397 | D:8      | Found Keorghost's Armour Boutique.
  4524 | D:8      | Reached * piety under Sif Muna
  4827 | D:8      | Found an opulent altar of Gozag.
  4847 | D:8      | Found an iron altar of Okawaru.
  4968 | D:8      | Glimpsed the power of Zot.
  5002 | D:8      | Noticed a two-headed ogre
  5005 | D:8      | Killed a two-headed ogre
  5018 | D:8      | Glimpsed the power of Zot.
  5410 | D:9      | Reached skill level 1 in Fire Magic
  5413 | D:9      | Reached skill level 5 in Dodging
  5422 | D:10     | Entered Level 10 of the Dungeon
  5422 | D:10     | Noticed Psyche
  5425 | D:10     | Noticed Josephine
  5443 | D:12     | Noticed a two-headed ogre
  5585 | D:12     | Killed an unseen horror
  5586 | D:12     | Reached XP level 11. HP: 25/69 MP: 23/25
  5755 | D:11     | Noticed a skeletal warrior
  5755 | D:11     | Noticed a skeletal warrior
  5755 | D:11     | Noticed a skeletal warrior
  5859 | D:12     | Reached ** piety under Sif Muna
  5860 | D:12     | Reached skill level 10 in Spellcasting
  5866 | D:12     | Noticed a smoke demon
  5867 | D:12     | Killed from afar by a smoke demon

Illustrated notes

Levels and vault maps discovered:
D:1:      lemuel_arrival_hallway, layout_basic, nicolae_kite_square_tiling_tiny
D:2:      layout_loops_ring
D:3:      layout_basic, minmay_misc_feat_rugged, minmay_tree_intersection
D:4:      layout_loops_cross, nicolae_eternal_life, grunt_ministairs_14,
          roderic_three_in_a_row
D:5:      layout_loops_corners, lemuel_coloured_pillars_altar, uniq_pikel,
          uniq_grinder
D:6:      layout_loops_ring, yredelemnul_forgotten_temple_becter, st_stairs_14
D:7:      layout_rooms, mainiacjoe_overflow_surrounded_room,
          minmay_temple_entry_stoned_glass, sigmund_army
D:8:      layout_cave_pools, mainiacjoe_overflow_swirl, serial_shops,
          nicolae_stop_n_shop_2
D:9:      layout_roguey, minivault_16
D:10:     layout_rooms, nemelex_diamond_rough_becter, trog_book,
          dpeg_oklobed_lair, enter_bailey_3, uniq_urug, uniq_josephine,
          uniq_erolcha, uniq_psyche
D:11:     layout_cave_pods
D:12:     layout_loops_ring, minmay_orc_entry_temple_small
Temple:   regret_index_temple_waves

Skill      XL: |  1  2  3  4  5  6  7  8  9 10 11 |
---------------+----------------------------------+-----
Spellcasting   | 3 4 5 6 7 8 9 10 | 10.0
Earth Magic    | 4 5 6 8 9 |  9.7
Transmutations | 2 |  2.5
Conjurations   | 2 3 4 6 7 8 |  8.6
Dodging        | 3 5 |  5.5
Fighting       | 1 3 4 |  4.2
Short Blades   | 1 3 4 |  4.1
Fire Magic     | 2 |  2.5
Stealth        | |  1.5

Action                   |  1- 3 |  4- 6 |  7- 9 | 10-12 || total
-------------------------+-------+-------+-------+-------++-------
Melee: Rapier            |       |     1 |    11 |     9 ||    21
       Unarmed           |       |       |       |     5 ||     5
 Cast: Sandblast         |    48 |   101 |    16 |       ||   165
       Stone Arrow       |       |       |    65 |    72 ||   137
       Magic Dart        |       |       |    43 |    70 ||   113
       Flame Wave        |       |       |     1 |     5 ||     6
  Use: Scroll            |     5 |       |     9 |    11 ||    25
       Potion            |     1 |       |     1 |       ||     2
Armor: Robe              |     1 |    15 |    14 |    14 ||    44
Dodge: Dodged            |     6 |    24 |    21 |    39 ||    90

Table legend: (Time is in decaauts)
 A = Elapsed time spent in this place.
 B = Non-inter-level travel time spent in this place.
 C = Inter-level travel time spent in this place.
 D = Time resting spent in this place.
 E = Time spent auto-exploring this place.
 F = Levels seen in this place.
 G = Mean time per level.
                   A        B        C        D        E       F      G
               +--------+--------+--------+--------+--------+-----+--------+
         Total |   5954 |   5743 |    211 |   1008 |   3405 |  13 |  458.0 |
       Dungeon |   5797 |   5621 |    176 |   1008 |   3311 |  12 |  483.1 |
        Temple |    157 |    123 |     34 |      0 |     94 |   1 |  157.0 |
               +--------+--------+--------+--------+--------+-----+--------+

Top non-repeatable levels by time:
     D:4: 943 daAuts
     D:6: 643 daAuts
     D:8: 642 daAuts
     D:2: 617 daAuts
     D:5: 579 daAuts
     D:7: 576 daAuts
     D:3: 554 daAuts
    D:12: 418 daAuts
     D:1: 415 daAuts
     D:9: 386 daAuts
  Temple: 157 daAuts
    D:11: 13 daAuts
    D:10: 7 daAuts
